 Dungeon Crawl Stone Soup version 0.14-a0-2340-g8df0fbc (webtiles) character file.

10141 4tharraofdagon the Carver (level 11, 0/58 HPs)
             Began as a Vine Stalker Gladiator on Jan 30, 2014.
             Was an Elder of Dithmengos.
             Succumbed to Nessos' poison
             ... on Level 13 of the Dungeon.
             The game lasted 00:26:00 (4100 turns).

4tharraofdagon the Carver (Vine Stalker Gladiator)  Turns: 4100, Time: 00:26:01

HP   0/58        AC 13     Str 19      XL: 11   Next: 52%
MP   1/25        EV  7     Int  8      God: Dithmengos [****..]
Gold 337         SH  0     Dex 15      Spells:  1 memorised, 19 levels left

rFire  + . .     SeeInvis .     l - +3,+2 great sword
rCold  . . .     Clarity  .     r - +0 orc chain mail
rNeg   . . .     Conserve .     (no shield)
rPois  .         rCorr    .     w - +0 orc helmet
rElec  +         rRot     +     o - +1 cloak
SustAb . .       Spirit   +     (no gloves)
rMut   .         Warding  .     (no boots)
Saprov . . .     Stasis   .     (no amulet)
MR     +....                    G - ring of protection from fire
                                T - ring of wizardry

@: quite poisoned, very slightly contaminated, hasted, wreathed by umbra, very
quick, somewhat resistant to hostile enchantments, extremely unstealthy
A: fangs 3, deterioration 1, regeneration 2, electricity resistance, weak 1,
magic shield, antimagic bite, no device heal
a: Shadow Step, Renounce Religion


You were on level 13 of the Dungeon.
You worshipped Dithmengos.
Dithmengos was greatly pleased with you.
You were not hungry.

You visited 1 branch of the dungeon, and saw 13 of its levels.

You collected 337 gold pieces.

Inventory:

Hand weapons
 a - a +0,+0 falchion
 l - a +3,+2 great sword (weapon)
 n - a +1,+3 falchion
 s - a -1,-1 orcish long sword
Missiles
 p - 7 steel tomahawks (quivered)
Armour
 b - a +0 leather armour
 c - a +0 helmet
 d - a +0 orcish chain mail
 e - a +0 elven ring mail
 o - a +1 cloak (worn)
 r - a +0 orcish chain mail (worn)
 w - a +0 orcish helmet (worn)
 A - a +1 elven robe of positive energy
 B - a cursed +0 pair of elven boots
Magical devices
 J - a wand of cold (4)
 M - a wand of draining (4)
Comestibles
 f - 8 bread rations
 j - 2 meat rations
 q - 2 chokos
 K - a lychee
 O - a slice of pizza
 Q - 3 sausages
 V - a snozzcumber
Scrolls
 g - a scroll of curse weapon {unknown}
 h - 3 scrolls of remove curse
 m - a scroll of curse jewellery {unknown}
 u - a scroll of fear {unknown}
 v - 2 scrolls of immolation
 z - 2 scrolls of identify {unknown}
 F - 2 scrolls of magic mapping
 I - a scroll of amnesia {unknown}
 L - a scroll of enchant weapon II {unknown}
Jewellery
 i - an uncursed amulet of conservation {unknown}
 k - an uncursed amulet of resist corrosion {unknown}
 t - an uncursed ring of ice
 E - an uncursed amulet of resist corrosion {unknown}
 G - a ring of protection from fire (right hand)
 T - a ring of wizardry (left hand)
Potions
 x - a potion of curing
 D - a potion of berserk rage {unknown}
 H - a potion of flight {unknown}
 N - 3 potions of paralysis {unknown}
 R - 6 potions of confusion {unknown}
 S - a potion of degeneration {unknown}
 U - a potion of restore abilities {unknown}
 Y - a potion of brilliance
Books
 y - a book of Changes

   Spells                             Type                      Level
   *Beastly Appendage                 Transmutation                1
   Sticks to Snakes                   Transmutation                2
   Spider Form                        Transmutation/Poison         3
   Ice Form                           Ice/Transmutation            4
   Blade Hands                        Transmutation                5
Magical staves
 W - an uncursed staff of death
Miscellaneous
 X - a lamp of fire


   Skills:
 + Level 7.0 Fighting
 * Level 10.1 Long Blades
 - Level 1.7 Throwing
 + Level 5.8 Armour
 + Level 6.6 Dodging
 + Level 5.0 Spellcasting
 + Level 1.1 Transmutations
 + Level 3.4 Evocations


You had 19 spell levels left.
You knew the following spells:

 Your Spells              Type           Power        Failure   Level  Hunger
a - Beastly Appendage     Trmt           #.....       85%         1    #......


Dungeon Overview and Level Annotations

Branches:
Dungeon (13/16)            Temple (0/1) D:6             Orc (0/4) D:11
   Lair (0/8) D:9

Altars:
Ashenzari
Cheibriados
Dithmengos
Nemelex Xobeh
Zin

Shops:
D:6 (

Annotations:
D:6 4tharraofdagon's ghost, experienced VSGl
D:11 exclusion: ice statue
D:13 Nessos; Urug


Innate Abilities, Weirdness & Mutations

You have razor-sharp teeth.
You heal very quickly.
When hurt, damage is shared between your health and your magic reserves.
Your bite disrupts and absorbs the magic of your enemies.
Potions and wands cannot restore your HP.
Your body is slowly deteriorating.
You are resistant to electric shocks.
You are weak. (Str -2)


Message History

Nessos shoots a poisoned arrow of flame.
The poisoned arrow of flame hits you! You resist.
You are poisoned.
* * * LOW HITPOINT WARNING * * *
You see here 2 poisoned arrows.
Unknown command.
* * * LOW HITPOINT WARNING * * *
You feel sick.
Nessos shoots a poisoned arrow of flame.
The poisoned arrow of flame hits you! You resist.
You are more poisoned.
* * * LOW HITPOINT WARNING * * *
You see here a poisoned arrow.
Unknown command.
Unknown command.
* * * LOW HITPOINT WARNING * * *
You feel sick.
Unknown command.
Unknown command.
You die...

#.....# #....# #[..%.# #....#
######.###(###[...# ####
.........B.B.B....# #<.##
######.###.###....# #...#
######.###o###....####.J# .
.....................###z...
######.###.###....##.........
#?# #.# #.T@.# ....J.⌠... #.#
#.# ##.### ......... #.# #.#
#(# ####..Y. ... ..# #(#
##.+#.. ... ..# #.# #...# ...
..# #.# #<.## . . #.# ####
#.# #.#


You could see Urug, a goliath beetle and a troll.

Vanquished Creatures
  A centaur warrior (D:13)
  A skeletal warrior (D:12)
  A hill giant (D:11)
  A cyclops (D:11)
  A fire drake (D:9)
  2 trolls (D:11)
  A polar bear (D:8)
  A wyvern (D:11)
  12 yaks
  A hungry ghost (D:10)
  A wraith (D:11)
  A wolf (D:8)
  2 sky beasts
  5 orc warriors
  3 phantoms
  A swamp drake (D:11)
  A black bear (D:10)
  2 giant goldfish (D:8)
  9 centaurs
  3 ogres
  Duvessa (D:8)
  2 big kobolds
  4 giant frogs
  3 wights (D:9)
  An eye of draining (D:12)
  An electric eel (D:8)
  Dowan (D:8)
  2 goliath beetles (D:11)
  4 jellyfish (D:8)
  3 crimson imps
  A jelly (D:8)
  A big fish (D:8)
  4 orc priests
  6 hounds
  3 iguanas
  10 orc wizards
  A centaur skeleton (D:9)
  2 scorpions
  A yak simulacrum (D:8)
  5 worker ants
  Jessica (D:2)
  A big kobold skeleton (D:12)
  7 adders
  An orc skeleton (D:10)
  3 white imps (D:8)
  A worm (D:11)
  2 ufetubi (D:8)
  An orc simulacrum (D:8)
  An adder skeleton (D:9)
  29 orcs
  A giant cockroach (D:3)
  2 goblins
  4 hobgoblins
  17 kobolds
  2 quokkas
  5 bats
  4 giant geckos
  A giant spore (D:12)
  2 jackals (D:9)
  5 rats
  5 ballistomycetes
201 creatures vanquished.

Vanquished Creatures (others)
  An orc wizard (D:13)
  An orc (D:13)
  A giant spore (D:7)
3 creatures vanquished.

Grand Total: 204 creatures vanquished

Notes
Turn   | Place    | Note
--------------------------------------------------------------
     0 | D:1      | 4tharraofdagon, the Vine Stalker Gladiator, began the quest for the Orb.
     0 | D:1      | Reached XP level 1. HP: 11/11 MP: 1/1
    61 | D:2      | Noticed Jessica
    81 | D:2      | Killed Jessica
    81 | D:2      | Reached skill level 3 in Long Blades
    81 | D:2      | Reached XP level 2. HP: 9/15 MP: 0/3
   214 | D:3      | Reached XP level 3. HP: 18/18 MP: 4/4
   265 | D:3      | Reached skill level 1 in Armour
   298 | D:3      | Found a shattered altar of Ashenzari.
   380 | D:5      | Entered Level 5 of the Dungeon
   436 | D:5      | Reached XP level 4. HP: 17/23 MP: 5/5
   452 | D:6      | Found Riyproaru's Antique Weapon Emporium.
   477 | D:6      | Found a shadowy altar of Dithmengos.
   485 | D:6      | Became a worshipper of Dithmengos
   521 | D:6      | Found a staircase to the Ecumenical Temple.
   537 | D:6      | Noticed a yak
   538 | D:6      | Noticed a yak
   538 | D:6      | Noticed a yak
   568 | D:6      | Killed a yak
   568 | D:6      | Reached skill level 4 in Long Blades
   568 | D:6      | Reached XP level 5. HP: 17/27 MP: 7/7
   568 | D:6      | Gained mutation: You heal very quickly. [vine stalker growth]
   568 | D:6      | Reached XP level 6. HP: 20/32 MP: 8/8
   586 | D:6      | Noticed 4tharraofdagon's ghost (experienced VSGl)
   657 | D:6      | Killed a yak
   790 | D:5      | Reached XP level 7. HP: 29/36 MP: 9/9
   800 | D:5      | Reached skill level 5 in Long Blades
   885 | D:6      | Found a glowing silver altar of Zin.
   887 | D:6      | Found a sparkling altar of Nemelex Xobeh.
   931 | D:6      | Noticed a yak
   932 | D:6      | Noticed a yak
   961 | D:6      | Killed a yak
   984 | D:6      | Noticed a yak
  1006 | D:6      | Killed a yak
  1016 | D:6      | Killed a yak
  1016 | D:6      | Gained mutation: You have razor-sharp teeth. [vine stalker growth]
  1016 | D:6      | Reached XP level 8. HP: 23/42 MP: 6/11
  1039 | D:6      | Killed a yak
  1039 | D:6      | Reached skill level 6 in Long Blades
  1329 | D:6      | Found a snail-covered altar of Cheibriados.
  1567 | D:8      | Noticed a polar bear
  1593 | D:8      | Killed a polar bear
  1593 | D:8      | Reached skill level 7 in Long Blades
  1593 | D:8      | Reached XP level 9. HP: 25/46 MP: 10/12
  1668 | D:8      | Reached skill level 5 in Fighting
  1793 | D:9      | Reached skill level 5 in Dodging
  1889 | D:9      | Acquired Dithmengos' first power
  1910 | D:9      | Noticed a fire drake
  1913 | D:9      | Gained mutation: Your body is slowly deteriorating. [potion of mutation]
  1913 | D:9      | Gained mutation: You are resistant to electric shocks. [potion of mutation]
  1913 | D:9      | Gained mutation: You are weak. (Str -2) [potion of mutation]
  1922 | D:9      | Killed a fire drake
  2005 | D:9      | Found a staircase to the Lair.
  2031 | D:8      | Reached skill level 8 in Long Blades
  2041 | D:8      | Reached skill level 1 in Spellcasting
  2075 | D:8      | Noticed Duvessa
  2075 | D:8      | Noticed Dowan
  2083 | D:8      | Killed Duvessa
  2089 | D:8      | Killed Dowan
  2157 | D:8      | Reached XP level 10. HP: 44/53 MP: 12/19
  2555 | D:10     | Entered Level 10 of the Dungeon
  2611 | D:10     | Reached skill level 5 in Armour
  2686 | D:11     | Noticed a hill giant
  2698 | D:11     | Killed a hill giant
  2698 | D:11     | Reached skill level 9 in Long Blades
  2698 | D:11     | Reached skill level 1 in Evocations
  2792 | D:11     | Acquired Dithmengos' second power
  3059 | D:11     | Noticed a cyclops
  3132 | D:11     | Killed a cyclops
  3241 | D:11     | Found a staircase to the Orcish Mines.
  3253 | D:11     | Reached XP level 11. HP: 54/58 MP: 20/23
  3469 | D:12     | Acquired Dithmengos' third power
  3624 | D:12     | Learned a level 1 spell: Beastly Appendage
  3742 | D:11     | Noticed an ice statue
  3778 | D:13     | Noticed a skeletal warrior
  3778 | D:13     | Noticed a skeletal warrior
  3798 | D:13     | Noticed a skeletal warrior
  3801 | D:13     | Noticed a skeletal warrior
  3915 | D:12     | Killed a skeletal warrior
  3915 | D:12     | Reached skill level 10 in Long Blades
  3944 | D:13     | Noticed a centaur warrior
  3951 | D:13     | Killed a centaur warrior
  3951 | D:13     | Reached skill level 5 in Spellcasting
  3951 | D:13     | Reached skill level 1 in Transmutations
  4041 | D:13     | Noticed a hill giant
  4057 | D:13     | Noticed Nessos
  4082 | D:13     | Noticed Urug
  4098 | D:13     | HP: 2/58 [Nessos/ poisoned arrow of flame (6)]
  4100 | D:13     | Succumbed to Nessos' poison

Action                   |  1- 3 |  4- 6 |  7- 9 | 10-12 || total
-------------------------+-------+-------+-------+-------++-------
Melee: Falchion          |    81 |    51 |   122 |       ||   254
       Long sword        |       |       |    59 |       ||    59
       Great sword       |       |       |    70 |   329 ||   399
Throw: Throwing net      |       |     3 |     1 |       ||     4
       Tomahawk          |       |       |       |     1 ||     1
Evoke: Wand              |       |       |       |     2 ||     2
  Use: Scroll            |       |     4 |     5 |     2 ||    11
       Potion            |       |     2 |     2 |     3 ||     7
 Stab: Held in net/web   |       |     1 |       |       ||     1
